 Dungeon Crawl Stone Soup version 0.23.1-37-gaa34b87b72 (webtiles) character file.

Game seed: 9420946181045547503

70 1994 the Stinger (level 4, -1/39 HPs)
             Began as a Naga Venom Mage on Mar 24, 2019.
             Slain by a gnoll
             ... wielding a +0 halberd
              (11 damage)
             ... on level 2 of the Dungeon.
             The game lasted 00:08:02 (1892 turns).

1994 the Stinger (Naga Venom Mage)                  Turns: 1892, Time: 00:08:02

Health: -1/39      AC:  4    Str: 10    XL:     4   Next: 21%
Magic:  2/7        EV: 10    Int: 16    God:
Gold:   115        SH:  0    Dex: 12    Spells: 1/7 levels left

rFire    . . .     SeeInvis +   q - +0 mace
rCold    . . .     Gourm    .   (no shield)
rNeg     . . .     Faith    .   a - +0 robe
rPois    +         Spirit   .   f - +0 helmet
rElec    .         Reflect  .   (no cloak)
rCorr    +         Harm     .   g - +0 pair of gloves
MR       .....                  (no barding)
Stlth    ++........             (no amulet)
HPRegen  0.13/turn              l - ring of resist corrosion
MPRegen  0.10/turn              (no ring)

@: short of breath, very slightly contaminated, very slow
A: large, see invisible, deformed body, poison resistance, slowness 2, slow
metabolism 1, spit poison 1, AC +1
a: Spit Poison


You were on level 2 of the Dungeon.
You were hungry.

You visited 1 branch of the dungeon, and saw 2 of its levels.

You collected 115 gold pieces.

Inventory:

Hand Weapons
 h - a +0 hunting sling
 q - a +0 mace (weapon)
Missiles
 j - 25 stones (quivered)
Armour
 a - a +0 robe (worn)
 f - a +0 helmet (worn)
 g - a +0 pair of gloves (worn)
Magical Staves
 m - an uncursed staff of energy
Jewellery
 l - a ring of resist corrosion (left hand)
Scrolls
 d - a scroll of remove curse {unknown}
 e - 2 scrolls of identify {unknown}
 i - 2 scrolls of noise {unknown}
 k - 3 scrolls of teleportation {unknown}
 n - a scroll of amnesia {unknown}
 p - a scroll of immolation {unknown}
Potions
 b - a potion of brilliance {unknown}
 o - a potion of ambrosia {unknown}
 r - a potion of curing {unknown}
 s - a potion of magic {unknown}
Comestibles
 c - 4 rations
 t - 3 chunks of flesh


   Skills:
 + Level 2.2 Fighting
 * Level 1.5 Maces & Flails
 + Level 2.4 Dodging
 - Level 3.0 Stealth
 - Level 2.0 Spellcasting
 - Level 1.0 Conjurations
 - Level 4.0 Poison Magic


You had one spell level left.
You knew the following spells:

 Your Spells              Type           Power        Failure   Level  Hunger
a - Sting                 Conj/Pois      #...         8%          1    #......
b - Poisonous Vapours     Pois/Air       #.....       14%         2    ###....
c - Mephitic Cloud        Conj/Pois/Air  #.......     30%         3    ###....

Your spell library contained the following spells:

 Spells                   Type           Power        Failure   Level  Hunger
 Olgreb's Toxic Radiance  Pois           ##......     36%         4    #####..
 Venom Bolt               Conj/Pois      #.........   90%         5    ######.


Dungeon Overview and Level Annotations

Branches:
Dungeon (2/15)

Altars:


Innate Abilities, Weirdness & Mutations

You cannot wear boots.
Your serpentine skin is tough. (AC +1)
You have supernaturally acute eyesight. (SInv)
Armour fits poorly on your strangely shaped body.
Your system is resistant to poisons. (rPois)
You cover ground very slowly.
You have a slow metabolism.
You can spit poison.


Message History

You feel slightly more hungry.
The gnoll hits you from afar with a +0 halberd.
* * * LOW HITPOINT WARNING * * *
Casting: Sting (safe; 8% risk of failure)
Confirm with . or Enter, or press ? or * to list all spells.
Aiming: Sting (safe; 8% risk of failure)
Press: ? - help, Shift-Dir - straight line, f/p - gnoll
Aim: a gnoll, wielding a +0 halberd (lightly wounded)
You miscast Sting.
Nothing appears to happen.
The gnoll shouts!
The gnoll barely misses you.
Casting: Sting (safe; 8% risk of failure)
Confirm with . or Enter, or press ? or * to list all spells.
Aiming: Sting (safe; 8% risk of failure)
Press: ? - help, Shift-Dir - straight line, f/p - gnoll
Aim: a gnoll, wielding a +0 halberd (lightly wounded)
The sting hits the gnoll.
The gnoll is lightly wounded.
The gnoll hits you from afar with a +0 halberd!
You die...

###.#.# #.......... #
#...#.# #.......... #
#.###.# #.......... #
#.# #.# #.########. #
#.# #.# #.# # #.#
#.###.####### #
##.###.#>......... .
#....#.#.#.############
#
####.#.#.#.....@)g..g.#
#.#.#.############.#
#...#. ........# ######
######..# #.g# # ....
.. ..### ## gg . ..g #


You could see 2 gnolls.

Vanquished Creatures
  A gnoll (D:2)
  2 adders (D:2)
  2 worms
  A dart slug (D:1)
  A leopard gecko (D:1)
  6 bats
  2 giant cockroaches
  6 goblins
  4 hobgoblins
  2 ball pythons (D:1)
  2 frilled lizards (D:1)
  4 kobolds (D:1)
  3 rats
  2 fungi (D:1)
38 creatures vanquished.

Notes
Turn   | Place    | Note
-------+----------+-------------------------------------------
     0 | D:1      | 1994 the Naga Venom Mage began the quest for the Orb.
     0 | D:1      | Reached XP level 1. HP: 15/15 MP: 3/3
   308 | D:1      | Reached skill level 1 in Fighting
   308 | D:1      | Reached XP level 2. HP: 18/25 MP: 1/5
   455 | D:1      | Learned a level 2 spell: Poisonous Vapours
  1073 | D:1      | Reached XP level 3. HP: 32/32 MP: 4/6
  1539 | D:2      | Reached skill level 1 in Maces & Flails
  1653 | D:2      | Learned a level 3 spell: Mephitic Cloud
  1800 | D:2      | Reached XP level 4. HP: 36/39 MP: 1/7
  1892 | D:2      | Slain by a gnoll

Skill      XL: |  1  2  3 |
---------------+----------+-----
Fighting       | 1 2 |  2.2
Dodging        | 2 |  2.4
Maces & Flails | 1 |  1.5
Stealth        | |  3.0
Spellcasting   | |  2.0
Conjurations   | |  1.0
Poison Magic   | |  4.0

Action                   |  1- 3 |  4- 6 || total
-------------------------+-------+-------++-------
Melee: Unarmed           |    79 |       ||    79
       Club              |     8 |       ||     8
       Mace              |    10 |     1 ||    11
 Cast: Sting             |    61 |     4 ||    65
 Abil: Spit Poison       |     2 |     1 ||     3
 Stab: Sleeping          |     1 |       ||     1
  Eat: Chunk             |     3 |       ||     3
Armor: Robe              |    13 |     2 ||    15
Dodge: Dodged            |    21 |     1 ||    22
